 Dungeon Crawl Stone Soup version 0.21.1-1-g345015fe64 (webtiles) character file.

32 Knicklaso the Grave Robber (level 3, 0/28 HPs)
             Began as a Hill Orc Necromancer on Apr 20, 2018.
             Succumbed to an adder's poison
             ... on level 2 of the Dungeon.
             The game lasted 00:05:06 (759 turns).

Knicklaso the Grave Robber (Hill Orc Necromancer)    Turns: 759, Time: 00:05:06

Health: 0/28       AC:  6    Str: 15    XL:     3   Next: 25%
Magic:  0/5        EV: 12    Int: 16    God:
Gold:   56         SH:  0    Dex: 11    Spells: 3/5 levels left

rFire    . . .     SeeInvis .   k - -1 dagger (curse)
rCold    . . .     Gourm    .   (no shield)
rNeg     . . .     Faith    .   a - +0 robe
rPois    .         Spirit   .   g - +0 helmet
rElec    .         Reflect  .   (no cloak)
rCorr    .         Harm     .   l - +2 pair of gloves
MR       .....                  (no boots)
Stlth    ++........             (no amulet)
HPRegen  0.09/turn              (no ring)
MPRegen  0.09/turn              (no ring)

@: mighty, lethally poisoned (0 -> -4)
A: no striking features
a: no special abilities


You were on level 2 of the Dungeon.
You were not hungry.

You visited 1 branch of the dungeon, and saw 2 of its levels.

You collected 56 gold pieces.

Inventory:

Hand Weapons
 e - a +0 hunting sling
 k - a cursed -1 dagger (weapon)
Armour
 a - a +0 robe (worn)
 g - a +0 helmet (worn)
 l - a +2 pair of gloves (worn)
Scrolls
 d - a scroll of teleportation {unknown}
 f - 2 scrolls of remove curse {unknown}
 h - a scroll of enchant armour {unknown}
 j - a scroll of identify {unknown}
Books
 b - a book of Necromancy

   Spells                             Type                      Level
   a - Pain                           Necromancy                   1
   b - Animate Skeleton               Necromancy                   1
   c - Vampiric Draining              Necromancy                   3
   d - Regeneration                   Charms/Necromancy            3
   e - Animate Dead                   Necromancy                   4
   f - Borgnjor's Vile Clutch         Necromancy/Earth             5
Comestibles
 c - 2 rations


   Skills:
 + Level 1.3 Fighting
 - Level 1.5 Dodging
 - Level 1.5 Stealth
 + Level 1.9 Spellcasting
 * Level 4.5 Necromancy


You had 3 spell levels left.
You knew the following spells:

 Your Spells              Type           Power        Failure   Level  Hunger
a - Pain                  Necr           ###.         3%          1    #......
b - Animate Skeleton      Necr           N/A          3%          1    #......


Dungeon Overview and Level Annotations

Branches:
Dungeon (2/15)

Altars:


Message History

* * * LOW HITPOINT WARNING * * *
You feel sick. The leopard gecko barely misses you.
* * * LOW HITPOINT WARNING * * *
You feel sick. The leopard gecko misses you.
* * * LOW HITPOINT WARNING * * *
You feel sick.
Casting: Pain
Confirm with . or Enter, or press ? or * to list all spells.
You don't have enough magic to cast that spell.
You puncture the leopard gecko!
You kill the leopard gecko!
You closely miss the goblin. The goblin hits you but does no damage.
Casting: Pain
Confirm with . or Enter, or press ? or * to list all spells.
You don't have enough magic to cast that spell.
Unknown command.
You hit the goblin.
You kill the goblin!
You die... #.. #... ### #lg

.... ###.# ##. ...
#.#.####.
#.#+#######.#......
#.(.. .........##.#
#.#.# ####....##.#
####.#.####...w......#
###....@).....w......#.#
#........>.........#.#.#
#%#..#.................#
#.<..#..#........#.#####
###..#.........###.#
#....[.......###.#
#######..........#
############


You could see a worm.

Vanquished Creatures
  An adder (D:2)
  A leopard gecko (D:2)
  3 bats (D:1)
  5 goblins
  3 hobgoblins (D:1)
  4 frilled lizards
  A kobold (D:2)
  4 rats
22 creatures vanquished.

Vanquished Creatures (collateral kills)
  A leopard gecko (D:1)
  A hobgoblin (D:1)
  A kobold (D:1)
3 creatures vanquished.

Vanquished Creatures (others)
  5 toadstools (D:1)
5 creatures vanquished.

Grand Total: 30 creatures vanquished

Notes
Turn   | Place    | Note
-------+----------+-------------------------------------------
     0 | D:1      | Knicklaso the Hill Orc Necromancer began the quest for the Orb.
     0 | D:1      | Reached XP level 1. HP: 14/14 MP: 3/3
    20 | D:1      | Learned a level 1 spell: Animate Skeleton
   228 | D:1      | Reached XP level 2. HP: 12/22 MP: 1/4
   423 | D:1      | Reached skill level 1 in Fighting
   750 | D:2      | Reached XP level 3. HP: 4/28 MP: 0/5
   756 | D:2      | HP: 1/28 [poisoned by an adder]
   759 | D:2      | Succumbed to an adder's poison

Skill      XL: |  1  2 |
---------------+-------+-----
Fighting       | 1 |  1.3
Dodging        | |  1.5
Stealth        | |  1.5
Spellcasting   | |  1.9
Necromancy     | |  4.5

Action                   || total
-------------------------++-------
Melee: Unarmed           ||     4
       Dagger            ||    13
 Cast: Pain              ||    33
       Animate Skeleton  ||    15
  Use: Potion            ||     1
  Eat: Chunk             ||     1
Armor: Robe              ||     9
Dodge: Dodged            ||    17
